 Dungeon Crawl Stone Soup version 0.30.0-5-g1a98f26d00 (webtiles) character file.

Game seed: 100154191481056296

92 Descartes the Magician (level 4, -8/24 HPs)
             Began as a Deep Elf Earth Elementalist on May 9, 2023.
             Killed by divine providence
             ... invoked by an orc priest
              (14 damage)
             ... on level 3 of the Dungeon.
             The game lasted 00:05:56 (1766 turns).

Descartes the Magician (DEEE)                       Turns: 1766, Time: 00:05:57

Health: -8/24      AC:  2    Str:  7    XL:     4   Next: 35%
Magic:  15/20      EV: 12    Int: 20    God:
Gold:   130        SH:  4    Dex: 15    Spells: 9/10 levels left

rFire   . . .        i - +6 dagger (holy)
rCold   . . .        j - +0 buckler
rNeg    . . .        a - +0 robe
rPois   .            (no helmet)
rElec   .            (no cloak)
rCorr   .            (no gloves)
SInv    .            (no boots)
Will    .....        (no amulet)
Stlth   ++           m - ring of magical power
HPRegen 0.24/turn    (no ring)
MPRegen 0.17/turn

%: no passive effects
@: no status effects
A: no striking features
a: no special abilities


You were on level 3 of the Dungeon.
You visited 1 branch of the dungeon, and saw 3 of its levels.

You collected 130 gold pieces.

Inventory:

Hand Weapons
 i - a +6 dagger of holy wrath (weapon)
 q - a +1 dagger of venom
Missiles
 f - a throwing net
 o - 4 javelins
Armour
 a - a +0 robe (worn)
 j - a +0 buckler (worn)
Jewellery
 m - a ring of magical power (left hand)
Scrolls
 c - a scroll of enchant armour {unknown}
 g - 2 scrolls of identify {unknown}
 h - a scroll of poison {unknown}
 k - a scroll of vulnerability {unknown}
 n - a scroll of blinking {unknown}
 p - a scroll of teleportation {unknown}
Potions
 b - 2 potions of magic
 d - a potion of mutation {unknown}
 e - 5 potions of curing {unknown}
 l - a potion of resistance {unknown}


   Skills:
 + Level 3.4 Dodging
 - Level 2.4 Stealth
 + Level 0.6 Shields
 + Level 3.9 Spellcasting
 + Level 1.1 Conjurations
 - Level 1.1 Transmutations
 + Level 3.8 Earth Magic
 + Level 1.6 Evocations


You had 9 spell levels left.
You knew the following spells:

 Your Spells              Type           Power      Damage    Failure   Level
a - Sandblast             Erth           38%        2d10      4%          1

Your spell library contained the following spells:

 Spells                   Type           Power      Damage    Failure   Level
 Passwall                 Tmut/Erth      10%        N/A       12%         2
 Stone Arrow              Conj/Erth      26%        3d8       24%         3
 Petrify                  Tmut/Erth      13%        N/A       61%         4


Dungeon Overview and Level Annotations

Branches:
Dungeon (3/15)

Altars:

Shops:
D:2 *


Message History

Press: ? - help, Shift-Dir - straight line, f/p - hobgoblin
Aim: a hobgoblin (severely wounded, 82% to hit)
The blast of sand hits the hobgoblin!
You kill the hobgoblin!
Your magical contamination has completely faded away.
Casting: Sandblast (safe; 4% risk of failure)
Confirm with . or Enter, or press ? or * to list all spells.
Aiming: Sandblast (safe; 4% risk of failure)
Press: ? - help, Shift-Dir - straight line, f - orc
Aim: an orc, wielding a +0 hand axe (82% to hit)
The blast of sand hits the orc!
You kill the orc!
Casting: Sandblast (safe; 4% risk of failure)
Confirm with . or Enter, or press ? or * to list all spells.
Aiming: Sandblast (safe; 4% risk of failure)
Press: ? - help, Shift-Dir - straight line, f - orc priest
Aim: an orc priest, wielding a +0 trident and wearing a +0 leather armour (82% to hit)
The blast of sand hits the orc priest but does no damage.
The orc priest invokes the aid of Beogh against you.
Pain shoots through your body!
Casting: Sandblast (safe; 4% risk of failure)
Confirm with . or Enter, or press ? or * to list all spells.
Aiming: Sandblast (safe; 4% risk of failure)
Press: ? - help, Shift-Dir - straight line, f/p - orc priest
Aim: an orc priest, wielding a +0 trident and wearing a +0 leather armour (82% to hit)
The blast of sand hits the orc priest!
The orc priest is heavily wounded.
The orc priest hits you from afar with a +0 trident.
* * * LOW HITPOINT WARNING * * *
Casting: Sandblast (safe; 4% risk of failure)
Confirm with . or Enter, or press ? or * to list all spells.
Aiming: Sandblast (safe; 4% risk of failure)
Press: ? - help, Shift-Dir - straight line, f/p - orc priest
Aim: an orc priest, wielding a +0 trident and wearing a +0 leather armour (heavily wounded, 82% to hit)
The blast of sand misses the orc priest.
The orc priest closely misses you.
The orc priest invokes the aid of Beogh against you.
Beogh smites you!
Ouch! That really hurt!
You die...

......
...#.#
#..≈.###
#..≈≈..#.
+..≈.....
#.# #o# #.#
#@# #.#
####'###
#......#
#......#
#####......#
#...####.###
#........#
#........#


You could see an orc priest.

Vanquished Creatures
  4 gnolls (D:2)
  An adder (D:2)
  A dart slug (D:2)
  2 orcs (D:3)
  3 ball pythons
  2 endoplasms
  A giant cockroach (D:2)
  8 goblins
  A hobgoblin (D:3)
  2 jackals (D:1)
  6 kobolds
  4 bats
  A frilled lizard (D:1)
  4 rats
40 creatures vanquished.

Notes
Turn   | Place    | Note
-------+----------+-------------------------------------------
     0 | D:1      | Descartes the Deep Elf Earth Elementalist began the quest
                  | for the Orb.
     0 | D:1      | Reached XP level 1. HP: 10/10 MP: 6/6
   155 | D:1      | Reached XP level 2. HP: 15/15 MP: 1/8
   417 | D:1      | Reached skill level 1 in Evocations
   932 | D:2      | Reached XP level 3. HP: 19/19 MP: 8/10
  1314 | D:2      | Found Vimuuts's General Store.
  1372 | D:2      | Reached skill level 1 in Conjurations
  1372 | D:2      | Reached XP level 4. HP: 13/24 MP: 11/11
  1439 | D:2      | Found a faded altar of an unknown god.
  1766 | D:3      | Killed from afar by an orc priest

Illustrated notes

Levels and vault maps discovered:
D:1:      lightli_arrival_windingriver, layout_loops_ring
D:2:      layout_loops_cross, shapermc_ecumenical_altar_acropolis, serial_shops,
          nicolae_shop_stone
D:3:      layout_basic, serial_shops, shop, chequers_serial_rivers_small_b

Skill      XL: |  1  2  3 |
---------------+----------+-----
Evocations     | 1 |  1.6
Dodging        | 3 |  3.4
Conjurations   | 1 |  1.1
Stealth        | |  2.4
Shields        | |  0.6
Spellcasting   | |  3.9
Transmutations | |  1.1
Earth Magic    | |  3.8

Action                     |  1- 3 |  4- 6 || total
---------------------------+-------+-------++-------
  Melee: Dagger            |     1 |       ||     1
   Cast: Sandblast         |    47 |    14 ||    61
 Armour: Robe              |     1 |       ||     1
  Dodge: Dodged            |     6 |     2 ||     8
